TOP OF THE 1ST |
Decatur Commodores batting - Pitching for Waterloo Hawks : RHP John Franks
|
Pitching: RHP John Franks
|
|
Batting: LHB Alexis Marte
|
0-0: Foul Ball, location: 2F 0-1: Fly out, F9 (Flyball, 9, EV 90.0 MPH)
|
Batting: SHB Roger Holt
|
0-0: Foul Ball, location: 2F 0-1: Fly out, F9 (Flyball, 9S, EV 81.3 MPH)
|
Batting: SHB Daniel Wieser
|
0-0: Ball 1-0: Fly out, F9 (Line Drive, 9, EV 93.8 MPH)
|
Top of the 1st over - 0 runs, 0 hits, 0 errors, 0 left on base; Decatur 0 - Waterloo 0 |
BOTTOM OF THE 1ST |
Waterloo Hawks batting - Pitching for Decatur Commodores : LHP Mitch Williams
|
Pitching: LHP Mitch Williams
|
|
Batting: RHB Edward Irvine
|
0-0: Ball 1-0: Bunt missed! 1-1: Foul Ball, location: 2F 1-2: Foul Ball, location: 2F 1-2: Foul Ball, location: 2F 1-2: Foul Ball, location: 2F 1-2: Strikes out swinging
|
Batting: RHB Jay Loviglio
|
0-0: Ball 1-0: SINGLE (Groundball, 56D, EV 105.0 MPH)
|
Batting: LHB Ronald Davis
|
0-0: Called Strike 0-1: Fly out, F2 (Popup, 2LF, EV 94.4 MPH)
|
Batting: RHB Carmelo Aguayo
|
0-0: Ball 1-0: Called Strike 1-1: Foul Ball, location: 2F 1-2: Foul Ball, location: 2F 1-2: Fly out, F9 (Flyball, 9, EV 93.1 MPH)
|
Bottom of the 1st over - 0 runs, 1 hit, 0 errors, 1 left on base; Decatur 0 - Waterloo 0 |
TOP OF THE 2ND |
Decatur Commodores batting - Pitching for Waterloo Hawks : RHP John Franks
|
Batting: LHB David Showalter
|
0-0: Called Strike 0-1: SOLO HOME RUN (Line Drive, 9LD, EV 105.6 MPH), Distance : 371 ft
|
Batting: SHB Rondin Johnson
|
0-0: Foul Ball, location: 2F 0-1: Foul Ball, location: 2F 0-2: Foul Ball, location: 2F 0-2: Foul Ball, location: 2F 0-2: Ball 1-2: Ball 2-2: Ball 3-2: SINGLE (Line Drive, 89S, EV 105.6 MPH)
|
Batting: LHB Jerry Miller
|
0-0: Ball 1-0: Swinging Strike 1-1: Foul Ball, location: 2F 1-2: Fly out, F7 (Flyball, 7, EV 93.8 MPH)
|
Batting: RHB Clifton Wilder
|
0-0: Called Strike Rondin Johnson steals 2nd base 0-1: Ball 1-1: Ball 2-1: Ball 3-1: Base on Balls
|
Batting: LHB Samuel Taves
|
0-0: DOUBLE (Groundball, 3L, EV 101.3 MPH) Rondin Johnson scores Clifton Wilder to third
|
Batting: RHB Rex Farrior
|
0-0: Ball 1-0: Ball 2-0: Ball 3-0: Base on Balls
|
Batting: LHB Alexis Marte
|
0-0: Reached via error on a dropped throw from 2B, E6 (Groundball, 4MS, EV 90.0 MPH) Clifton Wilder scores Samuel Taves to third Rex Farrior to second
|
Batting: SHB Roger Holt
|
0-0: TRIPLE (Line Drive, 89XD, EV 98.8 MPH) Samuel Taves scores Rex Farrior scores Alexis Marte scores
|
Batting: SHB Daniel Wieser
|
0-0: Swinging Strike 0-1: Ball 1-1: Called Strike 1-2: Strikes out looking
|
Batting: LHB David Showalter
|
0-0: Called Strike 0-1: Ball 1-1: Foul Ball, location: 2F 1-2: Ground out 4-3 (Groundball, 4, EV 82.5 MPH)
|
Top of the 2nd over - 6 runs, 4 hits, 1 error, 1 left on base; Decatur 6 - Waterloo 0 |
BOTTOM OF THE 2ND |
Waterloo Hawks batting - Pitching for Decatur Commodores : LHP Mitch Williams
|
Batting: LHB Burk Goldthorn
|
0-0: Foul Ball, location: 2F 0-1: Foul Ball, location: 2F 0-2: Ball 1-2: Foul Ball, location: 2F 1-2: Foul Ball, location: 2F 1-2: Foul Ball, location: 2F 1-2: Fly out, F8 (Flyball, 8RD, EV 83.1 MPH)
|
Batting: RHB Michael Williams
|
0-0: Ball 1-0: Called Strike 1-1: Ball 2-1: Foul Ball, location: 2F 2-2: Ball 3-2: SINGLE (Groundball, 6MD, EV 104.4 MPH)
|
Batting: SHB Nelson Liriano
|
Pickoff Throw to First - Out! 1-3 0-0: Called Strike 0-1: Called Strike 0-2: Ball 1-2: Ball 2-2: Foul Ball, location: 2F 2-2: SOLO HOME RUN (Flyball, 7D, EV 93.1 MPH), Distance : 365 ft
|
Batting: RHB Mark Doran
|
0-0: Ball 1-0: Ball 2-0: Foul Ball, location: 2F 2-1: Ball 3-1: SINGLE (Line Drive, 9LS, EV 105.6 MPH)
|
Batting: RHB David Cusack
|
0-0: Called Strike 0-1: Ball Mark Doran steals 2nd, throwing error, E2 Mark Doran to third 1-1: Ball 2-1: Ball 3-1: Called Strike 3-2: Base on Balls
|
Batting: RHB Edward Irvine
|
0-0: Ball 1-0: Ball 2-0: Ball 3-0: Base on Balls David Cusack to second
|
Batting: RHB Jay Loviglio
|
0-0: Ball 1-0: Ball 2-0: Called Strike 2-1: Ball 3-1: Called Strike 3-2: Fly out, F9 (Flyball, 9, EV 93.1 MPH)
|
Bottom of the 2nd over - 1 run, 3 hits, 1 error, 3 left on base; Decatur 6 - Waterloo 1 |
TOP OF THE 3RD |
Decatur Commodores batting - Pitching for Waterloo Hawks : RHP John Franks
|
Batting: SHB Rondin Johnson
|
0-0: Ball 1-0: Foul Ball, location: 2F 1-1: Foul Ball, location: 2F 1-2: Fly out, F8 (Line Drive, 8LM, EV 86.3 MPH)
|
Batting: LHB Jerry Miller
|
0-0: Foul Ball, location: 2F 0-1: Foul Ball, location: 2F 0-2: Foul Ball, location: 2F 0-2: Foul Ball, location: 2F 0-2: Ground out 6-3 (Groundball, 6, EV 91.9 MPH)
|
Batting: RHB Clifton Wilder
|
0-0: Foul Ball, location: 2F 0-1: Ball 1-1: Fly out, F3 (Popup, 3SF, EV 73.1 MPH)
|
Top of the 3rd over - 0 runs, 0 hits, 0 errors, 0 left on base; Decatur 6 - Waterloo 1 |
BOTTOM OF THE 3RD |
Waterloo Hawks batting - Pitching for Decatur Commodores : LHP Mitch Williams
|
Batting: LHB Ronald Davis
|
0-0: Ball 1-0: Called Strike 1-1: Foul Ball, location: 2F 1-2: Ground out 6-3 (Groundball, 6, EV 85.6 MPH)
|
Batting: RHB Carmelo Aguayo
|
0-0: Fly out, F8 (Flyball, 8LXD, EV 89.4 MPH)
|
Batting: LHB Burk Goldthorn
|
0-0: Ball 1-0: Swinging Strike 1-1: Ball 2-1: Called Strike 2-2: Foul Ball, location: 2F 2-2: Strikes out swinging
|
Bottom of the 3rd over - 0 runs, 0 hits, 0 errors, 0 left on base; Decatur 6 - Waterloo 1 |
TOP OF THE 4TH |
Decatur Commodores batting - Pitching for Waterloo Hawks : RHP John Franks
|
Batting: LHB Samuel Taves
|
0-0: Ball 1-0: Ball 2-0: Ball 3-0: Called Strike 3-1: Base on Balls
|
Batting: RHB Rex Farrior
|
0-0: Called Strike 0-1: Foul Ball, location: 2F 0-2: SINGLE (Groundball, 6MD, EV 109.4 MPH) Samuel Taves to second
|
Batting: LHB Alexis Marte
|
0-0: Called Strike 0-1: DOUBLE (Line Drive, 78D, EV 111.9 MPH) Samuel Taves scores Rex Farrior to third
|
Pitching: RHP Jesus Atilano
|
|
Batting: SHB Roger Holt
|
0-0: Ball 1-0: Ball 2-0: Foul Ball, location: 2F 2-1: Swinging Strike 2-2: Strikes out swinging
|
Batting: SHB Daniel Wieser
|
0-0: Called Strike 0-1: Foul Ball, location: 2F 0-2: Ball 1-2: Foul Ball, location: 2F 1-2: Ball 2-2: Ball 3-2: Foul Ball, location: 2F 3-2: Fly out, F7 (Flyball, 7LM, EV 71.9 MPH)
|
Batting: LHB David Showalter
|
0-0: Ball 1-0: Foul Ball, location: 2F 1-1: Swinging Strike 1-2: SINGLE (Line Drive, 6D, EV 96.3 MPH) Rex Farrior scores Alexis Marte to third Runner from 3rd tries for Home, SAFE, throw by LF to home
|
Batting: SHB Rondin Johnson
|
0-0: Ball 1-0: Called Strike 1-1: Reached on error, E1 (Groundball, 15S, EV 73.1 MPH) David Showalter to third
|
Batting: LHB Jerry Miller
|
0-0: Called Strike 0-1: Called Strike 0-2: Foul Ball, location: 2F 0-2: Ball 1-2: Ground out U3 (Groundball, 3, EV 81.3 MPH)
|
Top of the 4th over - 3 runs, 3 hits, 1 error, 2 left on base; Decatur 9 - Waterloo 1 |
BOTTOM OF THE 4TH |
Waterloo Hawks batting - Pitching for Decatur Commodores : LHP Mitch Williams
|
Batting: RHB Michael Williams
|
0-0: Foul Ball, location: 2F 0-1: Swinging Strike 0-2: Ball 1-2: Ground out 4-3 (Groundball, 4, EV 80.6 MPH)
|
Batting: SHB Nelson Liriano
|
0-0: Ball 1-0: Called Strike 1-1: Foul Ball, location: 2F 1-2: Ball 2-2: Ball 3-2: Base on Balls
|
Batting: RHB Mark Doran
|
0-0: Foul Ball, location: 2F 0-1: Fielders Choice at 2nd, 2-4 (Groundball, 2L, EV 62.5 MPH)
|
Batting: RHB David Cusack
|
0-0: Ball 1-0: Called Strike 1-1: Foul Ball, location: 2F 1-2: Fielders Choice at 2nd, 6-4 (Groundball, 6, EV 91.3 MPH)
|
Bottom of the 4th over - 0 runs, 0 hits, 0 errors, 1 left on base; Decatur 9 - Waterloo 1 |
TOP OF THE 5TH |
Decatur Commodores batting - Pitching for Waterloo Hawks : RHP Jesus Atilano
|
Batting: RHB Clifton Wilder
|
0-0: Foul Ball, location: 2F 0-1: Called Strike 0-2: Ball 1-2: Foul Ball, location: 2F 1-2: Ball 2-2: Strikes out looking
|
Batting: LHB Samuel Taves
|
0-0: Called Strike 0-1: Fly out, F8 (Flyball, 8RM, EV 91.3 MPH)
|
Batting: RHB Rex Farrior
|
0-0: Ball 1-0: Swinging Strike 1-1: Ball 2-1: Fly out, F8 (Flyball, 8LD, EV 88.8 MPH)
|
Top of the 5th over - 0 runs, 0 hits, 0 errors, 0 left on base; Decatur 9 - Waterloo 1 |
BOTTOM OF THE 5TH |
Waterloo Hawks batting - Pitching for Decatur Commodores : LHP Mitch Williams
|
Batting: RHB Edward Irvine
|
0-0: Called Strike 0-1: Foul Ball, location: 2F 0-2: Fly out, F9 (Line Drive, 9, EV 83.8 MPH)
|
Batting: RHB Jay Loviglio
|
0-0: Ball 1-0: Swinging Strike 1-1: Foul Ball, location: 2F 1-2: Ball 2-2: Fly out, F7 (Flyball, 78M, EV 88.8 MPH)
|
Batting: LHB Ronald Davis
|
0-0: Ball 1-0: Foul Ball, location: 2F 1-1: Called Strike 1-2: Strikes out swinging
|
Bottom of the 5th over - 0 runs, 0 hits, 0 errors, 0 left on base; Decatur 9 - Waterloo 1 |
TOP OF THE 6TH |
Decatur Commodores batting - Pitching for Waterloo Hawks : RHP Jesus Atilano
|
Batting: LHB Alexis Marte
|
0-0: Ball 1-0: Called Strike 1-1: Ball 2-1: Foul Ball, location: 2F 2-2: Ball 3-2: Foul Ball, location: 2F 3-2: Base on Balls
|
Batting: SHB Roger Holt
|
0-0: Ball 1-0: Foul Ball, location: 2F 1-1: Reached on error, E5 (Groundball, 5L, EV 103.8 MPH) Alexis Marte to second
|
Batting: SHB Daniel Wieser
|
0-0: Ball 1-0: Swinging Strike 1-1: Ball 2-1: Foul Ball, location: 2F 2-2: Foul Ball, location: 2F 2-2: Strikes out swinging
|
Batting: LHB David Showalter
|
0-0: Ball 1-0: Ball 2-0: Fly out, F7 (Flyball, 7S, EV 88.1 MPH)
|
Batting: SHB Rondin Johnson
|
0-0: Ball 1-0: Called Strike 1-1: Ball 2-1: Ball 3-1: Called Strike 3-2: Fly out, F4 (Line Drive, 4, EV 71.9 MPH)
|
Top of the 6th over - 0 runs, 0 hits, 1 error, 2 left on base; Decatur 9 - Waterloo 1 |
BOTTOM OF THE 6TH |
Waterloo Hawks batting - Pitching for Decatur Commodores : LHP Mitch Williams
|
Pitching: LHP James Oates
|
|
Batting: RHB Carmelo Aguayo
|
0-0: Swinging Strike 0-1: Called Strike 0-2: Ball 1-2: Fly out, F8 (Line Drive, 8RD, EV 102.5 MPH)
|
Batting: LHB Burk Goldthorn
|
0-0: Swinging Strike 0-1: Foul Ball, location: 2F 0-2: Ball 1-2: Strikes out swinging
|
Batting: RHB Michael Williams
|
0-0: Ball 1-0: Swinging Strike 1-1: Ground out U3 (Groundball, 3S, EV 88.1 MPH)
|
Bottom of the 6th over - 0 runs, 0 hits, 0 errors, 0 left on base; Decatur 9 - Waterloo 1 |
TOP OF THE 7TH |
Decatur Commodores batting - Pitching for Waterloo Hawks : RHP Jesus Atilano
|
Pinch Hitting: RHB Donald Johnson
|
0-0: Called Strike 0-1: Fly out, F8 (Line Drive, 8LM, EV 112.5 MPH)
|
Pinch Hitting: RHB William Kelley
|
0-0: Called Strike 0-1: SINGLE (Groundball, P, EV 85.0 MPH) (infield hit)
|
Pitching: LHP Dutch Deutsch
|
|
Batting: LHB Samuel Taves
|
0-0: Called Strike 0-1: Swinging Strike 0-2: Ball 1-2: Strikes out swinging
|
Batting: RHB Rex Farrior
|
0-0: Called Strike 0-1: Called Strike 0-2: Ball 1-2: Ball 2-2: Foul Ball, location: 2F 2-2: Ball 3-2: Base on Balls William Kelley to second
|
Batting: LHB Alexis Marte
|
0-0: Called Strike 0-1: Ball 1-1: Called Strike 1-2: Foul Ball, location: 2F 1-2: Foul Ball, location: 2F 1-2: Ball 2-2: Strikes out swinging
|
Top of the 7th over - 0 runs, 1 hit, 0 errors, 2 left on base; Decatur 9 - Waterloo 1 |
BOTTOM OF THE 7TH |
Waterloo Hawks batting - Pitching for Decatur Commodores : LHP James Oates
|
Now in LF: Donald Johnson
|
|
Now in RF: William Kelley
|
|
Pinch Hitting: RHB Paul Stockley
|
0-0: Foul Ball, location: 2F 0-1: Ball 1-1: Fly out, F8 (Flyball, 8LD, EV 93.8 MPH)
|
Pinch Hitting: RHB Daniel Keck
|
0-0: Ball 1-0: Called Strike 1-1: Called Strike 1-2: Ball 2-2: Ball 3-2: Foul Ball, location: 2F 3-2: Ground out 5-3 (Groundball, 56D, EV 90.6 MPH)
|
Batting: RHB David Cusack
|
0-0: Ground out 5-3 (Groundball, 56, EV 80.6 MPH)
|
Bottom of the 7th over - 0 runs, 0 hits, 0 errors, 0 left on base; Decatur 9 - Waterloo 1 |
TOP OF THE 8TH |
Decatur Commodores batting - Pitching for Waterloo Hawks : LHP Dutch Deutsch
|
Now at SS: Paul Stockley
|
|
Now in CF: Daniel Keck
|
|
Pinch Hitting: RHB Rafael Sanchez
|
0-0: Called Strike 0-1: Foul Ball, location: 2F 0-2: Ball 1-2: Ball 2-2: SINGLE (Line Drive, 9S, EV 100.0 MPH)
|
Pinch Hitting: LHB Steven Jerman
|
0-0: Ball 1-0: Ball 2-0: Called Strike 2-1: Ball 3-1: Swinging Strike 3-2: Base on Balls Rafael Sanchez to second
|
Batting: LHB David Showalter
|
0-0: Called Strike 0-1: Ball 1-1: Ball 2-1: Foul Ball, location: 2F 2-2: Ball 3-2: Base on Balls Rafael Sanchez to third Steven Jerman to second
|
Pitching: RHP Tom Van Der Meersche
|
|
Batting: SHB Rondin Johnson
|
0-0: Ball 1-0: Foul Ball, location: 2F 1-1: Called Strike 1-2: Strikes out looking
|
Batting: RHB Donald Johnson
|
0-0: Ball 1-0: Called Strike 1-1: Fly out, F7 (Flyball, 7S, EV 93.8 MPH)
|
Batting: RHB William Kelley
|
0-0: Ball 1-0: Swinging Strike 1-1: Foul Ball, location: 2F 1-2: Ball 2-2: Foul Ball, location: 2F 2-2: Fly out, F9 (Flyball, 9D, EV 93.1 MPH)
|
Top of the 8th over - 0 runs, 1 hit, 0 errors, 3 left on base; Decatur 9 - Waterloo 1 |
BOTTOM OF THE 8TH |
Waterloo Hawks batting - Pitching for Decatur Commodores : LHP James Oates
|
Now at 2B: Steven Jerman
|
|
Now at SS: Rafael Sanchez
|
|
Batting: RHB Edward Irvine
|
0-0: Foul Ball, location: 2F 0-1: Ball 1-1: Ball 2-1: TRIPLE (Flyball, 9D, EV 100.6 MPH)
|
Pinch Hitting: RHB Daniel Jones
|
0-0: Ball 1-0: Swinging Strike 1-1: Ball 2-1: Foul Ball, location: 2F 2-2: Ball 3-2: Foul Ball, location: 2F 3-2: DOUBLE (Groundball, 5L, EV 101.9 MPH) Edward Irvine scores
|
Pinch Hitting: LHB Bruce Humphrey
|
0-0: Called Strike 0-1: Ball 1-1: Ground out 6-3 (Groundball, 6, EV 86.3 MPH) Daniel Jones to third
|
Pinch Hitting: RHB Mark Sheehy
|
0-0: Ball 1-0: Ball 2-0: Foul Ball, location: 2F 2-1: Ball 3-1: Foul Ball, location: 2F 3-2: Strikes out swinging
|
Batting: LHB Burk Goldthorn
|
0-0: Called Strike 0-1: Ball 1-1: Ball 2-1: Called Strike 2-2: Strikes out looking
|
Bottom of the 8th over - 1 run, 2 hits, 0 errors, 1 left on base; Decatur 9 - Waterloo 2 |
TOP OF THE 9TH |
Decatur Commodores batting - Pitching for Waterloo Hawks : RHP Tom Van Der Meersche
|
Now at 1B: Bruce Humphrey
|
|
Now at 2B: Mark Sheehy
|
|
Now at 3B: Daniel Jones
|
|
Batting: LHB Samuel Taves
|
0-0: Called Strike 0-1: Ball 1-1: Ball 2-1: Swinging Strike 2-2: Strikes out looking
|
Pinch Hitting: RHB Miguelito DeLaCruz
|
0-0: Ball 1-0: Foul Ball, location: 2F 1-1: Ball 2-1: Fly out, F7 (Flyball, 7D, EV 94.4 MPH)
|
Batting: LHB Alexis Marte
|
0-0: Ground out 6-3 (Groundball, 6, EV 103.8 MPH)
|
Top of the 9th over - 0 runs, 0 hits, 0 errors, 0 left on base; Decatur 9 - Waterloo 2 |
BOTTOM OF THE 9TH |
Waterloo Hawks batting - Pitching for Decatur Commodores : LHP James Oates
|
Now at C: Miguelito DeLaCruz
|
|
Batting: RHB Kean Rich
|
0-0: Ball 1-0: Ball 2-0: Ball 3-0: Base on Balls
|
Pitching: RHP Peyton Mosher
|
|
Batting: RHB Paul Stockley
|
0-0: Called Strike 0-1: Ball 1-1: Ball 2-1: Ball 3-1: Foul Ball, location: 2F 3-2: Foul Ball, location: 2F 3-2: Fly out, F8 (Line Drive, 8RM, EV 101.3 MPH)
|
Pinch Hitting: LHB Kenneth Spears
|
0-0: Foul Ball, location: 2F 0-1: Ball 1-1: Swinging Strike 1-2: Foul Ball, location: 2F 1-2: Ball 2-2: Fielders Choice at 2nd, 3-6 (Groundball, 3, EV 110.0 MPH)
|
Batting: RHB David Cusack
|
0-0: Ball 1-0: Called Strike 1-1: Called Strike 1-2: Ground out 2-3 (Groundball, 2L, EV 73.1 MPH)
|
Bottom of the 9th over - 0 runs, 0 hits, 0 errors, 1 left on base; Decatur 9 - Waterloo 2 |
|